 Dungeon Crawl Stone Soup version 0.29.0-4-gdea44cf6ec (webtiles) character file.

Game seed: 15424891162559210839

2 qw the Sneak (level 1, 0/10 HPs)
             Began as a Felid Delver on Aug 27, 2022.
             Slain by a goblin
             ... wielding a +0 dagger
             ... led by Robin
              (1 damage)
             ... on level 3 of the Dungeon.
             The game lasted 00:00:00 (107 turns).

qw the Sneak (Felid Delver)                          Turns: 107, Time: 00:00:01

Health: 0/10       AC:  1    Str:  8    XL:     1   Next: 33%
Magic:  2/2        EV: 17    Int: 11    God:
Gold:   9          SH:  0    Dex: 17    Spells: 0/0 levels left
                                        Lives:  0   Deaths: 0

rFire   . . .      SeeInvis +     - Unarmed
rCold   . . .      Faith    .   (shield unavailable)
rNeg    . . .      Spirit   .   (body armour unavailable)
rPois   .          Reflect  .   (helmet unavailable)
rElec   .          Harm     .   (cloak unavailable)
rCorr   .          Rampage  .   (gloves unavailable)
Will    .....                   (boots unavailable)
Stlth   +++.......              (no amulet)
HPRegen 0.03/turn               (no ring)
MPRegen 0.08/turn               (no ring)

@: quick
A: very small, claws 1, fangs 3, see invisible, speed 1, shaggy fur 1, stealthy
paws, no weapons or thrown items, no armour, multi-lived
a: no special abilities


You were on level 3 of the Dungeon.
You visited 1 branch of the dungeon, and saw 3 of its levels.

You collected 9 gold pieces.


Innate Abilities, Weirdness & Mutations

You have sharp claws.
You have razor-sharp teeth.
You have supernaturally acute eyesight. (SInv)
You cover ground quickly. (Speed+)
You are covered in fur. (AC +1)
Your paws help you pounce on unaware monsters.
You are incapable of wielding weapons or throwing items.
You cannot wear armour.
You gain extra lives every three experience levels.


   Skills:
 - Level 3.0 Fighting
 - Level 2.6 Dodging
 - Level 6.6 Stealth
 + Level 2.2 Unarmed Combat


You couldn't memorise any spells.
You didn't know any spells.
Your spell library was empty.

Inventory:

Jewellery
 b - a ring of ice
Wands
 e - a wand of digging (3)
Potions
 a - a potion of lignification {unknown}
 d - a potion of haste

Dungeon Overview and Level Annotations

Branches:
Dungeon (5/15)
 Temple: D:4-7

Altars:

Annotations:
D:3 Robin


Message History

Enter note: You pounce on the unaware helpless endoplasm!
You mangle the endoplasm!!
You kill the endoplasm!
92 ||| READING scroll labelled LEAFFE ZECENOSE.
This is a scroll of acquirement!
92 ||| ACQUIRING ring of ice Something appears before you!
b - a ring of ice
(D) Dungeon
Where to? (* - list waypoints, Enter - D:4, ? - help)
What level of the Dungeon? (default 1, ? - help)
There is a stone staircase leading up here.
You climb upwards.
The goblin shouts! x2; Robin shouts!
The goblin shouts! x2
The hobgoblin shouts!
The goblin shouts! x2; You hear a shout! x2
There is a stone staircase leading down here.
There are monsters nearby!
Existing waypoints: (1) D:4 (2) D:5 Assign waypoint to what number? (0-9, D - delete waypoint) Waypoint 2 re-assigned from D:5 to D:3.
You closely miss the goblin.
The goblin shouts!
Robin throws the goblin at you! The goblin barely misses you.
The goblin misses you. The goblin closely misses you.
The goblin barely misses you.
A goblin comes into view. It is wielding a +0 dagger.
You scratch the goblin. Your claw misses the goblin.
The goblin is severely wounded.
You scratch the goblin.
You kill the goblin!
The goblin barely misses you. The goblin hits you with a +0 club.
The goblin hits you with a +0 dagger. x2; Robin throws the goblin at you!
You barely miss the goblin. You bite the goblin.
The goblin is heavily wounded.
A goblin comes into view. It is wielding a +0 club.
The goblin hits you with a +0 dagger. The goblin completely misses you.
The goblin barely misses you. The goblin hits you with a +0 dagger.
You die... #### ######..... #.ggggg.# #.g@ggg.# #.#####g# #

You could see Robin, a hobgoblin and 8 goblins.

Vanquished Creatures
  An endoplasm (D:4)
  A goblin (D:3)
2 creatures vanquished.

Notes
Turn   | Place    | Note
-------+----------+-------------------------------------------
     0 | D:5      | qw the Felid Delver began the quest for the Orb.
     0 | D:5      | Reached XP level 1. HP: 10/10 MP: 2/2
     0 | D:5      | 0 ||| qw: Version: 0.1-a-89-g26bdef1
     0 | D:5      | 0 ||| qw: Game counter: 127
     0 | D:5      | 0 ||| qw: Always use a shield: true
     0 | D:5      | 0 ||| qw: God list: Okawaru, Trog
     0 | D:5      | 0 ||| qw: Allow faded altars: false
     0 | D:5      | 0 ||| qw: Do Orc after D:15 true
     0 | D:5      | 0 ||| qw: Do second Lair branch before Depths: true
     0 | D:5      | 0 ||| qw: Lair rune preference: random
     0 | D:5      | 0 ||| qw: Plans: Normal
     0 | D:5      | 0 ||| PLANNING D:1-11
     5 | D:5      | 5 ||| DROPPING scroll of fog.
     6 | D:5      | 6 ||| DROPPING scroll of magic mapping.
     7 | D:5      | 7 ||| DROPPING scroll of fear.
    92 | D:4      | 92 ||| READING scroll labelled LEAFFE ZECENOSE.
    92 | D:4      | Identified a scroll of acquirement
    92 | D:4      | 92 ||| ACQUIRING ring of ice
    92 | D:4      | Acquired a ring of ice
   103 | D:3      | Noticed Robin
   106 | D:3      | HP: 2/10 [Robin/goblin (1)]
   107 | D:3      | Slain by a goblin

Levels and vault maps discovered:
D:3:      layout_loops_cross, nicolae_hepliaklqana_hippocampus, uniq_ijyb,
          uniq_robin
D:4:      minmay_inner_zag, layout_basic, minmay_temple_entry_statues_fountains,
          columned_hall_lemuel, nicolae_shop_sticking_my_neck_out
D:5:      layout_rooms, mainiacjoe_overflow_paths,
          lightli_ossuary_entry_decrepit_ruins, grunt_ministairs_9

Action                   || total
-------------------------++-------
Melee: Unarmed           ||     5
       Bite              ||     1
  Use: Scroll            ||     1
 Stab: Sleeping          ||     1
Armor: Skin              ||     1
Dodge: Dodged            ||     7

Table legend:
 A = Non-vault XP
 B = Vault XP
 C = Vault XP percentage of total XP
 D = Non-vault monster count
 E = Vault monster count
 F = Vault count percentage of total count
                 A         B        C        D         E       F
            +---------+---------+-------+---------+---------+-------
      Total |       2 |       2 |  50.0 |       1 |       1 |  50.0
            +---------+---------+-------+---------+---------+-------
        D:3 |       0 |       2 | 100.0 |       0 |       1 | 100.0
        D:4 |       2 |       0 |   0.0 |       1 |       0 |   0.0
            +---------+---------+-------+---------+---------+-------
